 Dungeon Crawl Stone Soup version 0.28.0-62-gf88900778d (webtiles) character file.

Game seed: 6869469571229261527

14151 cbfl8 the Impaler (level 12, 0/144 HPs)
             Began as a Merfolk Berserker on Aug 19, 2023.
             Was an Elder of Trog.
             Slain by a harpy simulacrum (18 damage)
             ... in an ice cave.
             The game lasted 00:18:32 (11481 turns).

cbfl8 the Impaler (Merfolk Berserker)              Turns: 11481, Time: 00:18:33

Health: 0/144      AC: 21    Str: 23    XL:     12   Next: 13%
Magic:  12/12      EV:  8    Int:  7    God:    Trog [****..]
Gold:   674        SH:  0    Dex: 18    Spells: 11/11 levels left

rFire   . . .      SeeInvis .   t - +4 spear
rCold   . . .      Faith    .   (no shield)
rNeg    + . .      Spirit   .   m - +0 plate armour
rPois   .          Reflect  .   (no helmet)
rElec   .          Harm     .   r - +2 cloak
rCorr   .          Rampage  .   j - +2 pair of gloves "Zaiptaod" {rN+ Regen+}
Will    .....                   g - +0 pair of boots
Stlth   ..........              G - amulet of the acrobat
HPRegen 1.14/turn               u - +4 ring of slaying
MPRegen 0.13/turn               a - +6 ring of strength

@: berserking, studying Unarmed Combat, very quick
A: (nimble swimmer 2), mertail
a: Renounce Religion, Berserk, Trog's Hand, Brothers in Arms


You were in an ice cave.
You worshipped Trog.
Trog was greatly pleased with you.
You visited 1 branch of the dungeon, and saw 11 of its levels.
You also visited: Ossuary and Ice Cave.

You collected 674 gold pieces.

Inventory:

Hand Weapons
 l - a +0 halberd
 t - a +4 spear (weapon)
Missiles
 e - 10 boomerangs
 E - a throwing net
Armour
 g - a +0 pair of boots (worn)
 j - the +2 pair of gloves "Zaiptaod" (worn) {rN+ Regen+}
   (You found it on level 4 of the Dungeon)

   rN:        It protects you from negative energy.
   Regen:     It increases your rate of health regeneration.
 m - a +0 plate armour (worn)
 r - a +2 cloak (worn)
Jewellery
 a - a +6 ring of strength (right hand)
 i - a ring of protection from fire
 u - a +4 ring of slaying (left hand)
 D - a +6 ring of strength
 G - an amulet of the acrobat (around neck)
Wands
 y - a wand of flame (11) (quivered)
Scrolls
 f - 5 scrolls of enchant weapon
 q - 2 scrolls of enchant armour
 s - a scroll of noise
 w - a scroll of teleportation
 x - 2 scrolls of silence
 A - a scroll of summoning
 C - a scroll of blinking
Potions
 b - a potion of lignification {unknown}
 d - 2 potions of invisibility
 h - 2 potions of ambrosia {unknown}
 n - a potion of berserk rage {unknown}
 o - 2 potions of might {unknown}
 p - 4 potions of haste
 v - 3 potions of attraction {unknown}
 z - 6 potions of curing
 B - a potion of mutation {unknown}
 F - a potion of resistance {unknown}


   Skills:
 + Level 9.5 Fighting
 + Level 15.5 Polearms
 * Level 6.0 Throwing
 + Level 7.0 Armour
 - Level 2.6 Dodging
 - Level 3.4 Stealth
 * Level 8.3 Evocations


You had 11 spell levels left.
You didn't know any spells.
Your spell library was empty.

Dungeon Overview and Level Annotations

Branches:
Dungeon (11/15)            Temple (0/1) D:6            Lair (0/6) D:8
    Orc (0/2) D:9         Ossuary (visited)           IceCv (1/1)

Altars:
Gozag

Shops:
D:3 (   D:4 =

Annotations:
D:8 3 runed translucent doors, Jingleheimer's ghost, novice DsFi


Innate Abilities, Weirdness & Mutations

((You are very nimble when in or above water. (Stealth+, EV+, Speed+++)))
Your lower body shifts to a powerful aquatic tail in water.


Message History

The white ugly thing is lightly wounded.
The harpy simulacrum claws you! The harpy simulacrum freezes you!
The harpy simulacrum barely misses you.
Unknown command.
You are too injured to fight recklessly!
Unknown command.
You are too injured to fight recklessly!
Unknown command.
You are too injured to fight recklessly!
Unknown command.
You are too injured to fight recklessly!
Unknown command.
You are too injured to fight recklessly!
You impale the white ugly thing!!
The white ugly thing is heavily wounded.
The harpy simulacrum claws you. The harpy simulacrum freezes you!
The harpy simulacrum closely misses you.
You puncture the white ugly thing!
The white ugly thing is heavily wounded.
The white ugly thing is engulfed in freezing vapours.
The white ugly thing tentacle-slaps you but does no damage.
The harpy simulacrum claws you!
* * * LOW HITPOINT WARNING * * *
The harpy simulacrum freezes you!
* * * LOW HITPOINT WARNING * * *
The harpy simulacrum claws you but does no damage.
The death yak simulacrum barely misses you.
You barely miss the white ugly thing.
The white ugly thing is severely wounded.
Unknown command.
You closely miss the white ugly thing.
The white ugly thing is severely wounded.
The harpy simulacrum claws you but does no damage. x2
You puncture the white ugly thing!
The white ugly thing is almost dead.
The harpy simulacrum closely misses you.
The harpy simulacrum claws you.
* * * LOW HITPOINT WARNING * * *
The harpy simulacrum freezes you!!
You die...

#....../......#
#....8...8....#
#.............#
#...........#
#...........#
#.....∩.....#
##.........##
##..uZZ..##
##.°@..##
#######


You could see a white ugly thing, a death yak simulacrum and a harpy simulacrum.

Vanquished Creatures
  A two-headed ogre (D:10)
  A centaur warrior (D:10)
  3 death yaks (D:8)
  3 skeletal warriors (D:11)
  5 centaur zombies
  A gargoyle (D:10)
  2 trolls
  A shadow (D:9)
  11 yaks
  A basilisk (D:11)
  A vampire mosquito (D:5)
  2 acid dragons
  A hornet zombie (D:7)
  A water moccasin (D:7)
  A swamp drake (D:9)
  5 orc warriors
  5 ice beasts
  2 sky beasts
  2 necrophages
  An ogre (D:5)
  5 black bears
  2 centaurs
  4 phantoms
  2 kobold brigands
  3 bullfrogs
  9 scorpions (Ossuary)
  A cane toad simulacrum (IceCv)
  A wyvern skeleton (D:7)
  8 wights
  16 killer bees
  4 howler monkeys
  2 hounds (D:7)
  A bullfrog zombie (D:6)
  7 orc priests
  3 jellies
  A gnoll shaman (D:3)
  2 centaur skeletons (D:5)
  Ijyb (D:3)
  Natasha (thrice) (D:3)
  3 iguanas
  4 orc wizards (D:9)
  6 scorpion zombies
  Terence (D:3)
  A wolf simulacrum (IceCv)
  A hound skeleton (D:4)
  3 mummies (Ossuary)
  8 gnolls
  11 adders
  A shadow imp (D:7)
  2 white imps
  2 ufetubi
  2 adder skeletons (D:4)
  2 worms
  2 dart slugs (D:1)
  30 orcs
  6 ball pythons
  5 endoplasms
  4 giant cockroaches
  A gnoll zombie (Ossuary)
  8 goblins
  7 hobgoblins
  6 jackals
  4 quokkas
  7 bats
  A frilled lizard (D:1)
  A goblin zombie (Ossuary)
  2 hobgoblin zombies (Ossuary)
  5 kobolds
  A kobold zombie (Ossuary)
  2 orc zombies (Ossuary)
  2 rats (D:1)
266 creatures vanquished.

Notes
Turn   | Place    | Note
-------+----------+-------------------------------------------
     0 | D:1      | cbfl8 the Merfolk Berserker began the quest for the Orb.
     0 | D:1      | Reached XP level 1. HP: 18/18 MP: 1/1
   212 | D:1      | Reached skill level 1 in Evocations
   344 | D:1      | Reached XP level 2. HP: 24/24 MP: 2/2
   524 | D:1      | Found a faded altar of an unknown god.
   808 | D:1      | Reached XP level 3. HP: 23/30 MP: 3/3
  1008 | D:1      | Reached skill level 5 in Polearms
  1693 | D:2      | Reached ** piety under Trog
  1694 | D:2      | Reached XP level 4. HP: 28/37 MP: 4/4
  2260 | D:3      | Noticed a black bear
  2269 | D:3      | Killed a black bear
  2270 | D:3      | Reached skill level 6 in Polearms
  2270 | D:3      | Reached XP level 5. HP: 40/43 MP: 5/5
  2424 | D:3      | Noticed Natasha
  2434 | D:3      | Killed Natasha
  2619 | D:3      | Noticed Natasha
  2628 | D:3      | Killed Natasha
  2878 | D:3      | Noticed Natasha
  2892 | D:3      | Killed Natasha
  2893 | D:3      | Reached skill level 1 in Stealth
  2893 | D:3      | Reached XP level 6. HP: 21/49 MP: 6/6
  3076 | D:3      | Found Kogi's Antique Weapon Boutique.
  3106 | D:3      | Reached skill level 7 in Polearms
  3353 | D:3      | HP: 1/49 [gnoll/+0 spear (6)]
  3788 | D:3      | Noticed Ijyb
  3794 | D:3      | Reached XP level 7. HP: 55/55 MP: 7/7
  3798 | D:3      | Paralysed by Ijyb for 2 turns
  3804 | D:3      | Killed Ijyb
  3918 | D:3      | Noticed Terence
  3934 | D:3      | Killed Terence
  4686 | D:4      | Found Peavyg's Jewellery Shop.
  4722 | D:4      | Reached skill level 5 in Fighting
  4722 | D:4      | Reached skill level 8 in Polearms
  4741 | D:4      | Identified the +2 pair of gloves "Zaiptaod" {rN+ Regen+}
  5213 | D:4      | Reached XP level 8. HP: 60/62 MP: 8/8
  5457 | D:5      | Entered Level 5 of the Dungeon
  5526 | D:5      | HP: 2/62 [vampire mosquito (9)]
  5603 | D:5      | Reached skill level 9 in Polearms
  5700 | D:5      | Reached skill level 10 in Polearms
  5700 | D:5      | Reached XP level 9. HP: 37/69 MP: 9/9
  5707 | D:5      | Reached skill level 5 in Evocations
  6590 | D:6      | Found a staircase to the Ecumenical Temple.
  6988 | D:7      | Reached skill level 11 in Polearms
  7096 | D:7      | Reached skill level 1 in Throwing
  7111 | D:7      | Reached skill level 5 in Armour
  7121 | D:7      | Found an opulent altar of Gozag.
  7395 | D:7      | Reached *** piety under Trog
  7559 | D:8      | Reached skill level 12 in Polearms
  7559 | D:8      | Reached XP level 10. HP: 56/77 MP: 10/10
  7668 | D:8      | Found a sand-covered staircase.
  7679 | Ossuary  | Entered an ossuary
  7830 | Ossuary  | Reached **** piety under Trog
  8150 | D:8      | Reached skill level 13 in Polearms
  8216 | D:8      | Found a runed translucent gate.
  8216 | D:8      | Found a runed translucent gate.
  8216 | D:8      | Found a runed translucent gate.
  8479 | D:8      | Found a staircase to the Lair.
  8488 | D:8      | Noticed a death yak
  8488 | D:8      | Noticed a death yak
  8490 | D:8      | Noticed a death yak
  8684 | D:8      | Killed a death yak
  8694 | D:8      | Killed a death yak
  8695 | D:8      | Reached skill level 14 in Polearms
  8695 | D:8      | Reached XP level 11. HP: 86/86 MP: 11/11
  8701 | D:8      | Killed a death yak
  8743 | D:8      | Noticed Jingleheimer's ghost (novice DsFi)
  8743 | D:8      | Noticed Jingleheimer's ghost (novice DsFi)
  9500 | D:9      | Found a staircase to the Orcish Mines.
  9530 | D:9      | Reached skill level 5 in Throwing
  9680 | D:10     | Entered Level 10 of the Dungeon
  9697 | D:10     | Reached skill level 15 in Polearms
  9709 | D:10     | Noticed a centaur warrior
 10385 | D:10     | Killed a centaur warrior
 10697 | D:10     | Reached ***** piety under Trog
 10894 | D:10     | Noticed a two-headed ogre
 10904 | D:10     | Killed a two-headed ogre
 11365 | D:11     | Noticed a skeletal warrior
 11375 | D:11     | Noticed a skeletal warrior
 11379 | D:11     | Noticed a skeletal warrior
 11390 | D:11     | Killed a skeletal warrior
 11391 | D:11     | Reached XP level 12. HP: 95/95 MP: 12/12
 11453 | D:11     | Found a frozen archway.
 11467 | IceCv    | Entered an ice cave
 11481 | IceCv    | Slain by a harpy simulacrum

Illustrated notes

Levels and vault maps discovered:
D:1:      roderic_crop_circles_arrival_small, layout_basic, serial_curves,
          eino_curves_04, eino_curves_04, basic_ecumenical_altar
D:2:      layout_basic
D:3:      layout_basic, serial_shops, nicolae_shop_trees, serial_curves,
          eino_curves_03, eino_curves_03, grunt_ministairs_14, uniq_ijyb,
          uniq_terence, uniq_natasha
D:4:      layout_rooms, serial_shops, nicolae_shop_stone, minmay_misc_feat_tiny,
          minmay_misc_feat_tower, grunt_decor_fettered, minmay_crystal_water,
          minmay_fractal_squares_5
D:5:      layout_loops_cross, minmay_manual_monstrance
D:6:      layout_basic, minmay_temple_entry_sparse_star
D:7:      layout_gridville, mainiacjoe_overflow_surrounded_room, minivault_22
D:8:      layout_basic, dpeg_lair_monsters, gammafunk_ghost_cemetery,
          enter_ossuary_5
D:9:      layout_irregular_city, erik_orc_1
D:10:     layout_loops_cross, corexii_mini_fake_secret_closet,
          kennysheep_generic_room_10
D:11:     layout_cave_pools, serial_ice, serial_ice_h, serial_ice_m,
          serial_ice_d, serial_ice_g, portal_ice_cave_entry_pillars_2,
          dk_vineyard_3
IceCv:    ice_cave_statue_garden_transporter

Skill      XL: |  1  2  3  4  5  6  7  8  9 10 11 12 |
---------------+-------------------------------------+-----
Evocations     | 1 2 3 4 6 7 8 |  8.3
Polearms       | 5 6 7 8 10 12 14 15 | 15.5
Fighting       | 4 5 6 8 9 |  9.5
Armour         | 2 3 4 5 6 7 |  7.0
Stealth        | 1 2 3 |  3.4
Throwing       | 2 4 5 6 |  6.0
Dodging        | |  2.6

Action                   |  1- 3 |  4- 6 |  7- 9 | 10-12 || total
-------------------------+-------+-------+-------+-------++-------
Melee: Spear             |   128 |   148 |     8 |   362 ||   646
       Punch             |     1 |     1 |       |       ||     2
       Halberd           |       |       |   344 |   210 ||   554
Invok: Berserk           |       |     3 |     4 |     9 ||    16
       Trog's Hand       |       |     1 |     3 |     2 ||     6
Evoke: Wand              |       |       |     8 |     4 ||    12
  Use: Scroll            |     1 |     1 |    10 |     8 ||    20
       Potion            |       |     2 |     1 |     5 ||     8
 Stab: Sleeping          |     1 |       |       |       ||     1
       Paralysed         |       |       |     9 |       ||     9
       Confused          |       |       |       |     3 ||     3
Armor: Animal skin       |     1 |       |       |       ||     1
       Ring mail         |    22 |    43 |     8 |       ||    73
       Plate armour      |       |       |   363 |   316 ||   679
Dodge: Dodged            |    54 |    67 |   165 |   140 ||   426
